 Dungeon Crawl Stone Soup version 0.28-a0-1130-gc51a68064b (webtiles) character file.

Game seed: 530358775219329850

62460 devnull the Cleaver (level 15, -11/124 HPs)
             Began as a Ghoul Monk on Dec 12, 2021.
             Was the Champion of Makhleb.
             Mangled by an orc knight (29 damage)
             ... on level 2 of the Orcish Mines.
             The game lasted 01:45:51 (32025 turns).

devnull the Cleaver (Ghoul Monk)                   Turns: 32025, Time: 01:45:51

Health: -11/124    AC: 24    Str: 39    XL:     15   Next: 6%
Magic:  20/20      EV: 28    Int: 10    God:    Makhleb [******]
Gold:   639        SH: 11    Dex: 11    Spells: 14/14 levels left

rFire   . . .      SeeInvis +   a - +6 broad axe (protect)
rCold   + . .      Faith    .   D - +0 kite shield
rNeg    + + +      Spirit   .   Q - +4 ring mail "Zixtov" {Str+4 Int+3}
rPois   ∞          Reflect  .   p - +3 crown of Dyrovepreva {rElec Int+2 SInv}
rElec   +          Harm     .   N - +0 cloak
rCorr   .          Rampage  .   U - +1 pair of gloves
Will    +....                   C - +1 pair of boots
Stlth   +.........              V - amulet of the acrobat
HPRegen 0.00/turn               e - +6 ring of strength
MPRegen 0.17/turn               f - +6 ring of strength

@: under a protective aura, acrobatic, inhibited regen, studying Crossbows
A: claws 1, cold resistance 1, negative energy resistance 3, inhibited
regeneration, torment resistance 2
a: Renounce Religion, Minor Destruction, Lesser Servant of Makhleb, Major
Destruction, Greater Servant of Makhleb


You were on level 2 of the Orcish Mines.
You worshipped Makhleb.
Makhleb was exalted by your worship.
You visited 4 branches of the dungeon, and saw 21 of its levels.
You also visited: Ice Cave.

You collected 2030 gold pieces.
You spent 1391 gold pieces at shops.

Inventory:

Hand Weapons
 a - a +6 broad axe of protection (weapon)
 b - a +5 war axe of venom
 c - a +0 war axe of flaming
 z - a +2 battleaxe of distortion
 M - the +4 hand axe of Agony {elec, Fly rF++ Str+4 Int-5}
   (You found it on level 6 of the Lair of Beasts)

   It occasionally discharges a powerful burst of electricity upon striking a
   foe.
   Str:       It affects your strength (+4).
   Int:       It affects your intelligence (-5).
   rF:        It greatly protects you from fire.
   Fly:       It grants you flight.
 P - a +2 spear of electrocution
Missiles
 h - 13 javelins {@Q2}
 m - 44 poisoned darts (quivered) {@Q1}
 L - 9 boomerangs of dispersal
 O - a throwing net
 W - 4 curare-tipped darts
Armour
 p - the +3 crown of Dyrovepreva (worn) {rElec Int+2 SInv}
   (You bought it in a shop on level 2 of the Orcish Mines)

   Int:       It affects your intelligence (+2).
   rElec:     It insulates you from electricity.
   SInv:      It lets you see invisible.
 y - a +9 plate armour of ponderousness
 C - a +1 pair of boots (worn)
 D - a +0 kite shield (worn)
 N - a +0 cloak (worn)
 Q - the +4 ring mail "Zixtov" (worn) {Str+4 Int+3}
   (You took it off a gnoll sergeant on level 5 of the Dungeon)

   Str:       It affects your strength (+4).
   Int:       It affects your intelligence (+3).
 U - a +1 pair of gloves (worn)
Jewellery
 e - a +6 ring of strength (left hand)
 f - a +6 ring of strength (right hand)
 t - a +4 ring of protection
 x - a +6 ring of intelligence
 E - a ring of flight
 H - a ring of see invisible
 T - a ring of protection from cold
 V - an amulet of the acrobat (around neck)
Wands
 o - a wand of flame (50)
 F - a wand of acid (7)
 R - a wand of charming (7)
Scrolls
 d - 6 scrolls of teleportation
 g - a scroll of torment
 j - a scroll of fear
 l - a scroll of blinking
 r - 6 scrolls of vulnerability
 X - a scroll of magic mapping
 Y - a scroll of silence
Potions
 i - 3 potions of brilliance
 k - 5 potions of curing
 n - a potion of heal wounds
 u - 2 potions of attraction
 v - 2 potions of ambrosia
 A - 2 potions of degeneration
 I - 5 potions of might
 K - 3 potions of haste
 Z - a potion of flight


   Skills:
 - Level 9.0 Fighting
 - Level 14.0 Axes
 - Level 9.0 Throwing
 - Level 9.0 Dodging
 - Level 2.1 Stealth
 + Level 11.1 Shields
 - Level 9.0 Invocations
 - Level 5.2 Evocations


You had 14 spell levels left.
You didn't know any spells.
Your spell library contained the following spells:

 Spells                   Type           Power      Damage    Failure   Level
 Apportation              Tloc           0%         N/A       63%         1
 Foxfire                  Conj/Fire      0%         2x1d4     63%         1
 Freeze                   Ice            0%         1d3       63%         1
 Shock                    Conj/Air       0%         1d3       63%         1
 Slow                     Hex            0%         N/A       63%         1
 Summon Small Mammal      Summ           0%         N/A       63%         1
 Blink                    Tloc           0%         N/A       77%         2
 Static Discharge         Conj/Air       0%         N/A       77%         2
 Call Canine Familiar     Summ           0%         N/A       94%         3
 Confusing Touch          Hex            0%         N/A       94%         3
 Conjure Flame            Conj/Fire      0%         6-21      94%         3
 Frozen Ramparts          Ice            0%         1d2       94%         3
 Inner Flame              Hex/Fire       0%         N/A       94%         3
 Lesser Beckoning         Tloc           0%         N/A       94%         3
 Summon Guardian Golem    Hex/Summ       0%         N/A       94%         3
 Swiftness                Air            0%         N/A       94%         3
 Airstrike                Air            0%         N/A       100%        4
 Dispel Undead            Necr           0%         3d6       100%        4
 Flame Wave               Conj/Fire      0%         2d4       100%        4
 Fulminant Prism          Conj/Hex       0%         3d6       100%        4
 Hailstorm                Conj/Ice       0%         3d3       100%        4
 Iskenderun's Mystic Bla  Conj/Tloc      0%         2d3       100%        4
 Passage of Golubria      Tloc           0%         N/A       100%        4
 Sticky Flame             Conj/Fire      0%         2d3       100%        4
 Alistair's Intoxication  Tmut/Pois      0%         N/A       100%        5
 Freezing Cloud           Conj/Ice/Air   0%         6-21      100%        5
 Lee's Rapid Deconstruct  Erth           0%         3d5*      100%        5
 Manifold Assault         Tloc           0%         N/A       100%        5
 Silence                  Hex/Air        0%         N/A       100%        5
 Yara's Violent Unravell  Hex/Tmut       0%         3d3       100%        5
 Simulacrum               Ice/Necr       0%         N/A       100%        6
 Lehudib's Crystal Spear  Conj/Erth      0%         10d2      100%        8
 Polar Vortex             Ice            0%         N/A       100%        9


Dungeon Overview and Level Annotations

Branches:
Dungeon (12/15)            Temple (1/1) D:4            Lair (6/6) D:10
  Swamp (0/4) Lair:4       Spider (0/4) Lair:3        Slime (0/5) Lair:6
    Orc (2/2) D:11            Elf (0/3) Orc:2         IceCv (visited)

Altars:
Ashenzari
Cheibriados
Dithmenos
Elyvilon
Fedhas
Gozag
Hepliaklqana
Kikubaaqudgha
Makhleb
Nemelex Xobeh
Okawaru
Qazlal
Ru
Sif Muna
Trog
Uskayaw
Vehumet
Wu Jian
Xom
Yredelemnul
Zin
The Shining One
Beogh
Jiyva

Shops:
D:2 (   D:5 *   D:10 ?   D:12 (   Orc:1 (   Orc:2 *!

Annotations:
Lair:3 1 runed translucent door, Jempith's ghost, journeyman MiFi
Orc:1 Bigaod's ghost, journeyman DsGl; Moesa's ghost, journeyman GrFi; SensoryNuts's ghost, novice DrFi; Zonian's ghost, journeyman DsNe


Innate Abilities, Weirdness & Mutations

You thrive by killing the living.
You are immune to poison.
You have sharp fingernails.
Your flesh is cold resistant. (rC+)
You are immune to negative energy. (rN+++)
You do not regenerate when monsters are visible.
You are immune to unholy pain and torment.


Message History

The orc high priest is severely wounded.
You barely miss the orc knight. You slash the orc sorcerer!
You slice the orange demon!! You hit the chaos spawn.
You block the orc sorcerer's attack.
The orc high priest mumbles some strange prayers to Beogh against you.
Beogh smites you! The orc knight misses you. The orange demon misses you.
The orange demon closely misses you.
The ynoxinul gestures.
The chaos spawn gores you but does no damage.
You slash the orc sorcerer!
You kill the orc sorcerer!
Makhleb accepts your kill.
You feel better.
The chaos spawn degenerates into a cloud of primal chaos!
You closely miss the orc knight. You slash the orc high priest!
You kill the orc high priest!
Makhleb accepts your kill.
You feel better.
The soul eater disappears in a puff of smoke!
The orange demon disappears in a puff of smoke!
The orc knight hits you with a +0 great sword!!
The orc priest invokes the aid of Beogh against you.
Beogh smites you!
Your Shields skill increases to level 11!
You hit the orc knight.
The orc knight is heavily wounded.
You slash the orc high priest! The orc high priest closely misses you.
You barely miss the orc high priest.
The orc high priest is moderately wounded.
You hit the orc priest.
You hit the orc knight but do no damage.
The orc knight hits you with a +0 great sword!!
* * * LOW HITPOINT WARNING * * *
The orc priest looks encouraged for a moment.
The orc high priest hits you but does no damage.
The orc sorcerer casts a spell.
You hear a shout!
You hear a shout! x3
The orc knight hits you with a +0 great sword!!
You die...

#∩[#.....## ..
..[..#..## ...
#∩.#.....## ....
##...#....## #o#.#
###...)#.).## #oo.#
.###........## #3.4#
..###))###...##
##oo5#
...###))###..)###5o.#
..#####..###..)#@o5##
...#.###..###.#.#.##
..#...###..###...##
.###.## ##..###.##
###...## ##..#### #
##...# ##))## #
##..#####.).## ##
#...#..)....#
.####..#)..)....###


You could see 2 orc knights, an orc high priest (strong), a ynoxinul (summoned),
an orc sorcerer (strong), a red devil (summoned), 2 orc warriors, an orc priest
(strong) and 3 ufetubi.

Vanquished Creatures
  Gastronok (Lair:1)
  The ghost of Lepuefeh the Tortoise, a journeyman MiBe of Trog (Orc:2)
  An orc warlord (Orc:1)
  Josephine (D:10)
  8 hydras
  A catoblepas (Lair:6)
  A centaur warrior (D:12)
  The ghost of KennySheep the Thaumaturge, a journeyman DECj of Vehumet (D:11)
  A deep troll shaman (Lair:6)
  3 two-headed ogres
  3 death yaks (Lair:6)
  An orc high priest (Orc:2)
  Urug (D:11)
  2 sixfirhies (Orc:2)
  A bog body (Lair:4)
  2 orc knights
  A necromancer (Lair:4)
  A shining eye (shapeshifter) (D:11)
  3 orc sorcerers
  An ugly thing (D:11)
  4 centaur zombies
  3 black mambas
  2 torpor snails (Lair:6)
  The ghost of SirDiesAlot the Bolt Thrower, a novice MiHu of Okawaru (D:5)
  3 elephants (Lair:6)
  16 cane toads
  An unseen horror (D:11)
  3 rime drakes
  A kobold demonologist (D:10)
  Psyche (D:10)
  12 komodo dragons
  4 trolls
  A jumping spider (Lair:3)
  14 blink frogs
  3 polar bears
  Prince Ribbit (D:6)
  13 dream sheep
  Grinder (D:3)
  Sigmund (D:6)
  A spriggan (Lair:1)
  A vampire (D:10)
  3 wyverns
  31 yaks
  5 wraiths
  3 basilisks
  A steam dragon (D:10)
  4 vampire mosquitoes (D:11)
  2 wargs
  3 acid dragons
  Edmund (D:4)
  35 orc warriors
  14 water moccasins
  An ice beast (D:5)
  A sky beast (D:7)
  5 black bears
  A necrophage (D:6)
  52 wolves
  10 ogres
  2 phantoms
  14 bullfrogs
  2 gnoll sergeants (D:5)
  2 scorpions
  A wyvern skeleton (D:3)
  A water moccasin skeleton (D:7)
  6 killer bees
  2 howler monkeys
  13 wights
  A crimson imp (Orc:2)
  3 gnoll shamans
  A jelly (D:7)
  16 orc priests
  3 centaur skeletons
  3 hounds
  Crazy Yiuf (D:2)
  2 bullfrog skeletons (D:4)
  2 iguanas
  Terence (D:2)
  17 orc wizards
  A polar bear simulacrum (Lair:4)
  7 hell rats (Lair:6)
  4 yak simulacra (Lair:4)
  3 wolf simulacra (Lair:4)
  2 howler monkey zombies
  8 gnolls
  A howler monkey skeleton (D:6)
  5 adders
  A river rat (D:4)
  An ufetubus (D:4)
  3 dart slugs
  78 orcs
  8 ball pythons
  8 bats
  9 endoplasms
  8 giant cockroaches
  9 hobgoblins
  6 jackals
  11 quokkas
  8 frilled lizards
  11 goblins
  10 kobolds
  4 rats
  3 river rat simulacra (Lair:4)
  A bush (Lair:1)
597 creatures vanquished.

Vanquished Creatures (others)
  A rime drake (Lair:1)
  2 gnolls (D:5)
  31 fungi
  78 plants
  5 toadstools (D:11)
117 creatures vanquished.

Grand Total: 714 creatures vanquished

Notes
Turn   | Place    | Note
-------+----------+-------------------------------------------
     0 | D:1      | devnull the Ghoul Monk began the quest for the Orb.
     0 | D:1      | Reached XP level 1. HP: 19/19 MP: 0/0
   134 | D:1      | Reached XP level 2. HP: 25/26 MP: 1/1
   311 | D:1      | Found a faded altar of an unknown god.
   506 | D:1      | Reached XP level 3. HP: 33/33 MP: 2/2
  1259 | D:2      | Found Jeipyp's Antique Weapon Emporium.
  1350 | D:2      | You fall into a shaft and drop 2 floors!
  1350 | D:4      | Noticed an ogre
  1365 | D:4      | Killed an ogre
  1366 | D:4      | Reached skill level 1 in Throwing
  1366 | D:4      | Reached XP level 4. HP: 41/41 MP: 3/3
  1366 | D:4      | Reached XP level 5. HP: 47/47 MP: 4/4
  1370 | D:4      | Noticed an ogre
  1397 | D:4      | Killed an ogre
  1398 | D:4      | Reached skill level 5 in Fighting
  1612 | D:2      | Noticed Terence
  1631 | D:1      | Reached XP level 6. HP: 33/56 MP: 5/5
  2278 | D:2      | Found a runed translucent door.
  2279 | D:2      | Noticed Crazy Yiuf
  2354 | D:2      | Killed Terence
  2587 | D:3      | Noticed Grinder
  2599 | D:3      | Killed Grinder
  2600 | D:3      | Reached XP level 7. HP: 62/62 MP: 6/6
  3427 | D:4      | Reached skill level 5 in Dodging
  4114 | D:5      | Entered Level 5 of the Dungeon
  4139 | D:4      | Found a staircase to the Ecumenical Temple.
  4418 | Temple   | Entered the Ecumenical Temple
  4669 | Temple   | Became a worshipper of Makhleb the Destroyer
  4669 | Temple   | Reached * piety under Makhleb
  4669 | Temple   | Reached ** piety under Makhleb
  4797 | D:4      | Reached XP level 8. HP: 71/71 MP: 7/7
  5095 | D:5      | Noticed Edmund
  5097 | D:5      | Found Vuedudu's Overcharged Wands.
  5287 | D:4      | Killed Edmund
  5814 | D:5      | Identified the +8 spear "Hitwejupp" {venom, Fragile rElec
                  | Will- Stlth+}
  5814 | D:5      | Identified the +4 ring mail "Zixtov" {Str+4 Int+3}
  5821 | D:5      | Noticed SirDiesAlot's ghost (novice MiHu)
  5900 | D:5      | Noticed a wyvern
  5918 | D:5      | Killed a wyvern
  6117 | D:5      | Found a transporter.
  6118 | D:5      | Found a transporter.
  6271 | D:5      | Reached skill level 5 in Throwing
  6271 | D:5      | Reached XP level 9. HP: 40/81 MP: 8/8
  6870 | D:6      | Noticed Sigmund
  6888 | D:6      | Killed Sigmund
  7314 | D:6      | Noticed Prince Ribbit
  7344 | D:6      | Killed Prince Ribbit
  8811 | D:7      | Reached XP level 10. HP: 68/91 MP: 9/9
  9134 | D:7      | Reached *** piety under Makhleb
  9148 | D:7      | Found a shimmering altar of Xom.
 10378 | D:8      | Noticed an eight-headed hydra
 11234 | D:9      | Noticed a two-headed ogre
 11773 | D:9      | Identified a scroll of acquirement
 11774 | D:9      | Acquired a +1 war axe of venom
 12177 | D:9      | Reached skill level 1 in Invocations
 12811 | D:9      | Reached skill level 5 in Invocations
 12821 | D:9      | Reached **** piety under Makhleb
 12947 | D:9      | Killed a two-headed ogre
 12948 | D:9      | Reached XP level 11. HP: 97/97 MP: 13/15
 13774 | D:10     | Entered Level 10 of the Dungeon
 14589 | D:10     | Found Veseitaf's Magic Scroll Shoppe.
 14603 | D:10     | Bought a scroll of identify for 24 gold pieces
 14603 | D:10     | Bought a scroll of identify for 24 gold pieces
 14603 | D:10     | Bought a scroll of identify for 24 gold pieces
 14603 | D:10     | Bought a scroll of identify for 24 gold pieces
 14603 | D:10     | Bought a scroll of identify for 24 gold pieces
 14683 | D:10     | Noticed an orc knight
 14763 | D:10     | Killed an orc knight
 14764 | D:10     | Reached skill level 3 in Axes
 14857 | D:10     | Found a staircase to the Lair.
 15729 | D:10     | Bought a scroll of brand weapon for 240 gold pieces
 15747 | D:11     | Noticed Josephine
 15747 | D:11     | Noticed a green ugly thing
 15751 | D:11     | Noticed a seven-headed hydra
 15759 | D:10     | Reached skill level 4 in Axes
 15975 | D:11     | Noticed a two-headed ogre
 16006 | D:10     | Killed a two-headed ogre
 16007 | D:10     | Reached skill level 5 in Axes
 16253 | D:10     | Killed Josephine
 16254 | D:10     | Reached skill level 6 in Axes
 16312 | D:11     | Killed a green ugly thing
 16354 | D:11     | Killed a seven-headed hydra
 16355 | D:11     | Reached skill level 7 in Axes
 16355 | D:11     | Reached XP level 12. HP: 98/104 MP: 17/17
 16726 | D:11     | Noticed Urug
 16795 | D:11     | Killed Urug
 16796 | D:11     | Reached skill level 8 in Axes
 17278 | D:11     | Found a staircase to the Orcish Mines.
 17607 | D:11     | Noticed Psyche
 17607 | D:11     | Noticed a two-headed ogre
 17699 | D:10     | Killed Psyche
 17905 | D:11     | Found a runed translucent door.
 17908 | D:11     | Noticed a shock serpent
 18075 | D:11     | Killed a two-headed ogre
 18076 | D:11     | Reached skill level 9 in Axes
 18213 | D:11     | Noticed KennySheep's ghost (journeyman DECj)
 18213 | D:11     | Noticed an anaconda
 18213 | D:11     | a shock serpent changed into an anaconda
 18220 | D:11     | an anaconda changed into a swamp worm
 18225 | D:11     | Noticed a shock serpent
 18225 | D:11     | a swamp worm changed into a shock serpent
 18229 | D:11     | a shock serpent changed into a merfolk
 18232 | D:11     | Noticed a fire dragon
 18232 | D:11     | a mana viper changed into a fire dragon
 18305 | D:12     | Found Eschirh Kuiso's Weapon Boutique.
 18307 | D:12     | Noticed a centaur warrior
 18316 | D:12     | Killed a centaur warrior
 18397 | D:8      | Killed an eight-headed hydra
 18803 | D:2      | Killed Crazy Yiuf
 19049 | D:5      | Killed SirDiesAlot's ghost
 19050 | D:5      | Reached skill level 10 in Axes
 20183 | Lair:1   | Entered Level 1 of the Lair of Beasts
 20226 | Lair:1   | Noticed Gastronok
 20245 | Lair:1   | Killed Gastronok
 20320 | Lair:1   | Found a frozen archway.
 20346 | IceCv    | Entered an ice cave
 20718 | Lair:1   | Reached skill level 11 in Axes
 20824 | Lair:1   | Noticed a four-headed hydra
 21861 | Lair:1   | Killed a four-headed hydra
 22911 | Lair:2   | Reached skill level 12 in Axes
 22911 | Lair:2   | Reached XP level 13. HP: 111/111 MP: 18/18
 23756 | Lair:3   | Found a runed translucent door.
 23759 | Lair:3   | Found a shimmering altar of Xom.
 23759 | Lair:3   | Noticed Jempith's ghost (journeyman MiFi)
 24479 | Lair:3   | Reached skill level 13 in Axes
 24534 | Lair:3   | Found a hole to the Spider Nest.
 25034 | Lair:3   | Reached ***** piety under Makhleb
 25209 | Lair:3   | Reached skill level 14 in Axes
 25360 | Lair:4   | Reached skill level 1 in Evocations
 25422 | Lair:4   | Found a staircase to the Swamp.
 26213 | Lair:4   | Reached skill level 5 in Evocations
 26380 | Lair:5   | Reached skill level 1 in Shields
 26558 | Lair:5   | Reached XP level 14. HP: 101/118 MP: 19/19
 27323 | Lair:6   | Entered Level 6 of the Lair of Beasts
 27400 | Lair:6   | Reached skill level 5 in Shields
 27795 | Lair:6   | Identified the +4 hand axe of Agony {elec, Fly rF++ Str+4
                  | Int-5}
 28706 | Lair:6   | Found a runed translucent door.
 28708 | Lair:6   | Found a viscous altar of Jiyva.
 28709 | Lair:6   | Found a staircase to the Slime Pits.
 29402 | D:11     | Killed KennySheep's ghost
 29481 | Orc:1    | Entered Level 1 of the Orcish Mines
 29534 | Orc:1    | Found Vefauka's Weapon Boutique.
 29638 | Orc:1    | Found a runed translucent gate.
 29638 | Orc:1    | Found a runed translucent gate.
 29638 | Orc:1    | Found a runed translucent gate.
 29640 | Orc:1    | Noticed SensoryNuts's ghost (novice DrFi)
 29640 | Orc:1    | Noticed Lepuefeh's ghost (journeyman MiBe)
 29641 | Orc:1    | Noticed Moesa's ghost (journeyman GrFi)
 29641 | Orc:1    | Noticed Bigaod's ghost (journeyman DsGl)
 29641 | Orc:1    | Noticed Zonian's ghost (journeyman DsNe)
 29938 | Orc:1    | Noticed an orc warlord
 30092 | Orc:1    | Reached ****** piety under Makhleb
 30281 | Orc:1    | Killed an orc warlord
 30282 | Orc:1    | Reached skill level 10 in Shields
 30833 | Orc:2    | Entered Level 2 of the Orcish Mines
 30896 | Orc:2    | Killed Lepuefeh's ghost
 31108 | Orc:2    | Found a staircase to the Elven Halls.
 31259 | Orc:2    | Found Amnan's Distillery.
 31279 | Orc:2    | Found Keuvioc's General Store.
 31479 | Orc:2    | Reached XP level 15. HP: 35/124 MP: 20/20
 31789 | Orc:2    | Bought a potion of might for 40 gold pieces
 31791 | Orc:2    | Bought a potion of might for 68 gold pieces
 31791 | Orc:2    | Bought a scroll of fear for 59 gold pieces
 31791 | Orc:2    | Bought a scroll of identify for 34 gold pieces
 31845 | Orc:2    | Bought the +3 crown of Dyrovepreva {rElec Int+2 SInv} for
                  | 703 gold pieces
 31845 | Orc:2    | Found the +3 crown of Dyrovepreva {rElec Int+2 SInv}
 31845 | Orc:2    | Bought 5 boomerangs of dispersal for 127 gold pieces
 32025 | Orc:2    | Mangled by an orc knight

Illustrated notes

Levels and vault maps discovered:
D:1:      onia_arrival_mini_maze, layout_basic, chequers_ecumenical_altar_grove
D:2:      layout_loops_ring, serial_shops, nicolae_shop_overgrown_old_shop,
          uniq_terence, uniq_crazy_yiuf_cottage
D:3:      layout_rooms, grunt_ministairs_7, uniq_grinder
D:4:      layout_loops_ring, minmay_temple_entry_arrows, gup_sewer_entry_spiral,
          eino_tiny_chamber
D:5:      layout_loops_ring, gammafunk_ghost_gnarly_gnolls,
          minmay_misc_feat_room, nicolae_shop_overcharged_wands, uniq_edmund
D:6:      layout_gridville, minmay_circle_x, uniq_sigmund, uniq_prince_ribbit1
D:7:      layout_loops_ring, old_standard_altar, kennysheep_small_square
D:8:      layout_rooms, kennysheep_generic_room_6
D:9:      kennysheep_blocky_hall, layout_irregular_city
D:10:     wad_cavern_with_rooms, layout_cave_pools, lair_entry_dummy,
          serial_shops, shop, enter_bailey_3
D:11:     layout_roguey, minmay_orc_entry_temple_small,
          ebering_ghost_inner_flame, minmay_gold_behind_fungi, uniq_psyche,
          uniq_josephine, uniq_urug
D:12:     layout_cave_pods, serial_shops, shop, nicolae_shop_advertising_works
          [nicolae_subvault_shop_adworks], shop, shop
Temple:   mainiacjoe_temple_archimedes_tessellation
Lair:1:   wad_woods_04, layout_loops_ring, portal_ice_cave_entry_pillars_2,
          serial_forest, infiniplex_forest_corner_1,
          infiniplex_forest_lined_corner, infiniplex_forest_clump_long,
          infiniplex_forest_lined_room_, infiniplex_forest_lined_3_way,
          infiniplex_forest_lined_ring, infiniplex_forest_end_2,
          infiniplex_forest_clump_medium, infiniplex_forest_clump_cross,
          uniq_gastronok
Lair:2:   layout_regular_city, lemuel_fruit_tree
Lair:3:   layout_chaotic_city, spider_nest_entry_funnel_web, ebering_ghost_xom,
          grunt_forest_large_clearings, grunt_megastairs_3
Lair:4:   layout_loops_ring, skrybe_swamp_entry_bodies, eino_house_with_fridge
Lair:5:   layout_roguey
Lair:6:   grunt_lair_end_beastmaster, layout_hall_layers, slime_altar_2
Orc:1:    layout_caves, serial_shops, nicolae_shop_statue_plus,
          gammafunk_ghost_cemetery, minmay_orc_keep
Orc:2:    pf_orc_diabolical, layout_caves

Skill      XL: |  1  2  3  4  5  6  7  8  9 10 11 12 13 14 15 |
---------------+----------------------------------------------+-----
Dodging        | 3 4 5 6 8 9 |  9.0
Fighting       | 4 5 6 7 9 |  9.0
Throwing       | 1 2 3 4 5 7 9 |  9.0
Invocations    | 6 9 |  9.0
Axes           | 7 12 14 | 14.0
Evocations     | 5 |  5.2
Shields        | 3 10 11 | 11.1
Stealth        | |  2.1

Action                   |  1- 3 |  4- 6 |  7- 9 | 10-12 | 13-15 || total
-------------------------+-------+-------+-------+-------+-------++-------
Melee: Hand axe          |    95 |    71 |   573 |   229 |       ||   968
       War axe           |       |       |       |   566 |   276 ||   842
       Flail             |       |       |       |    23 |     2 ||    25
       Broad axe         |       |       |       |       |   712 ||   712
Throw: Dart              |     2 |    12 |    59 |    75 |    20 ||   168
       Javelin           |       |     6 |     8 |    14 |    14 ||    42
       Throwing net      |       |       |     1 |     2 |     2 ||     5
       Boomerang         |       |       |       |       |     2 ||     2
Invok: Minor Destruction |       |       |       |    23 |     1 ||    24
       Major Destruction |       |       |       |     2 |     4 ||     6
       Lesser Servant of |       |       |       |     2 |       ||     2
Evoke: Wand              |       |       |     3 |     8 |     4 ||    15
  Use: Scroll            |     2 |     3 |     6 |    21 |    13 ||    45
       Potion            |       |       |       |       |     9 ||     9
 Stab: Sleeping          |     1 |       |     2 |       |       ||     3
Armor: Robe              |    14 |       |       |       |       ||    14
       Scale mail        |    13 |     2 |       |       |       ||    15
       Ring mail         |       |    26 |   332 |   293 |   483 ||  1134
       Acid dragon scale |       |       |       |   169 |       ||   169
       Plate armour      |       |       |       |       |    21 ||    21
Dodge: Dodged            |    62 |    57 |   457 |   655 |   642 ||  1873
Block: Kite shield       |       |       |       |       |   288 ||   288

Table legend: (Time is in decaauts)
 A = Elapsed time spent in this place.
 B = Non-inter-level travel time spent in this place.
 C = Inter-level travel time spent in this place.
 D = Time resting spent in this place.
 E = Time spent auto-exploring this place.
 F = Levels seen in this place.
 G = Mean time per level.
                   A        B        C        D        E       F      G
               +--------+--------+--------+--------+--------+-----+--------+
         Total |  32374 |  29067 |   3307 |   4085 |  18051 |  22 | 1471.5 |
       Dungeon |  20586 |  18135 |   2451 |   3076 |  10660 |  12 | 1715.5 |
        Temple |    282 |    236 |     46 |      0 |    216 |   1 |  282.0 |
          Lair |   9073 |   8280 |    793 |    573 |   5886 |   6 | 1512.2 |
  Orcish Mines |   2419 |   2404 |     15 |    435 |   1289 |   2 | 1209.5 |
      Ice Cave |     12 |     12 |      0 |      0 |      0 |   1 |   12.0 |
               +--------+--------+--------+--------+--------+-----+--------+

Top non-repeatable levels by time:
  Lair:1: 2459 daAuts
    D:11: 2450 daAuts
     D:9: 2426 daAuts
     D:8: 2356 daAuts
     D:6: 2145 daAuts
    D:10: 2141 daAuts
     D:4: 2127 daAuts
  Lair:6: 1869 daAuts
     D:5: 1849 daAuts
     D:7: 1641 daAuts
  Lair:2: 1393 daAuts
  Lair:3: 1345 daAuts
     D:1: 1338 daAuts
   Orc:1: 1243 daAuts
   Orc:2: 1175 daAuts
